General information
- name: BNet
- type: Ladder 1vs1/FFA
- host: Battle.net
- saver: GodsGoodBuddy
map: BrokenShard
- players: 2
- length: 23:52
- speed: Fast
- version: 1.26 W3XP
- replay type: Public
» download(76 KB)
Players
team 1 (winner)
GodsGoodBuddy (
yellow | 77 APM | 1835 actions | 23:52)
8 Blood Mage
3 Flame Strike
3 Siphon Mana
1 Summon Phoenix
1 Banish
» actions
| Assign group hotkey | 89 | |
| Basic commands | 28 | |
| Build / train | 99 | |
| Enter build submenu | 35 | |
| Enter hero's abilities submenu | 8 | |
| Give item / drop item | 4 | |
| Remove unit from queue | 3 | |
| Right click | 837 | |
| Select / deselect | 439 | |
| Select group hotkey | 157 | |
| Use ability | 136 | |
1835 total
» units
| Peasant | 30 | |
| Footman | 11 | |
| Sorceress | 4 | |
| Rifleman | 2 | |
47 total
» upgrades
| Lumber Harvesting | 1 | |
| Masonry | 2 | |
| Sorceress Training | 1 | |
| Magic Sentry | 1 | |
5 total
» buildings
| Altar of Kings | 1 | |
| Barracks | 1 | |
| Farm | 4 | |
| Arcane Vault | 1 | |
| Lumber Mill | 1 | |
| Keep | 1 | |
| Scout Tower | 20 | |
| Guard Tower | 10 | |
| Arcane Sanctum | 1 | |
| Town Hall | 2 | |
| Arcane Tower | 1 | |
| Blacksmith | 1 | |
44 total
» build order
00:32 Altar of Kings
00:35 Barracks
00:48 Farm
00:51 Farm
00:58 Farm
02:38 Farm
02:52 Arcane Vault
03:22 Lumber Mill
03:34 Keep
04:16 Scout Tower
04:17 Scout Tower
04:17 Scout Tower
04:21 Scout Tower
04:24 Scout Tower
04:26 Scout Tower
05:09 Guard Tower
06:25 Arcane Sanctum
06:32 Town Hall
06:33 Scout Tower
06:33 Scout Tower
06:35 Scout Tower
06:35 Scout Tower
06:42 Scout Tower
06:42 Scout Tower
07:03 Guard Tower
07:03 Guard Tower
07:03 Guard Tower
07:06 Guard Tower
07:48 Guard Tower
08:28 Guard Tower
08:33 Scout Tower
08:35 Scout Tower
08:52 Guard Tower
10:17 Arcane Tower
13:59 Blacksmith
16:37 Scout Tower
16:40 Scout Tower
16:44 Scout Tower
16:48 Scout Tower
16:51 Scout Tower
16:53 Scout Tower
23:16 Town Hall
» items
| Scroll of Regeneration | 4 | |
| Boots of Speed | 1 | |
| Potion of Invisibility | 1 | |
| Periapt of Vitality | 1 | |
| Staff of Teleportation | 1 | |
| Lesser Clarity Potion | 5 | |
| Potion of Healing | 5 | |
| Potion of Mana | 5 | |
23 total
team 2 (loser)
t(u.ut) (
red | 63 APM | 1515 actions | 23:51)
6 Dreadlord
1 Sleep
2 Vampiric Aura
2 Carrion Swarm
1 Inferno
» actions
| Assign group hotkey | 3 | |
| Basic commands | 78 | |
| Build / train | 102 | |
| ESC pressed | 3 | |
| Enter build submenu | 20 | |
| Enter hero's abilities submenu | 5 | |
| Right click | 792 | |
| Select / deselect | 396 | |
| Select group hotkey | 36 | |
| Use ability | 80 | |
1515 total
» units
| Acolyte | 30 | |
| Ghoul | 8 | |
| Crypt Fiend | 38 | |
| Obsidian Statue | 2 | |
| Meatwagon | 3 | |
81 total
» upgrades
| Unholy Armor | 1 | |
| Creature Attack | 2 | |
| Burrow | 1 | |
| Web | 1 | |
5 total
» buildings
| Ziggurat | 7 | |
| Altar of Darkness | 1 | |
| Crypt | 3 | |
| Graveyard | 1 | |
| Halls of the Dead | 3 | |
| Tomb of Relics | 1 | |
| Slaughterhouse | 2 | |
| Black Citadel | 2 | |
20 total
» build order
00:19 Ziggurat
00:21 Altar of Darkness
00:35 Crypt
00:56 Crypt
01:34 Ziggurat
03:26 Ziggurat
04:04 Ziggurat
05:17 Graveyard
05:27 Ziggurat
05:42 Crypt
06:04 Halls of the Dead
06:05 Halls of the Dead
06:58 Ziggurat
07:06 Tomb of Relics
11:48 Slaughterhouse
12:51 Black Citadel
12:51 Black Citadel
13:39 Slaughterhouse
19:46 Ziggurat
» items
| Scroll of Town Portal | 2 | |
| Potion of Healing | 1 | |
| Potion of Mana | 1 | |
4 total
Chat log
(00:06 / All) GodsGoodBuddy: where's your base?
(00:25 / All) GodsGoodBuddy: where's your base buddy?
(00:47 / All) t(u.ut): can't ping you
(01:18 / All) GodsGoodBuddy: What are the three best ways to please a woman?
(01:29 / All) t(u.ut): shoot your dick
(01:37 / All) GodsGoodBuddy: No the answer is "who cares?"
(01:58 / All) GodsGoodBuddy: I hate women I like to smack them around and kick them
(02:14 / All) t(u.ut): good
(14:51 / All) GodsGoodBuddy: I needed more towres